 Dungeon Crawl Stone Soup version 0.20.0-15-g7f486f2 (webtiles) character file.

203 KleinerIrrer the Insei (level 5, 0/49 HPs)
             Began as a Naga Monk on June 28, 2017.
             Succumbed to a worker ant's poison
             ... on level 4 of the Dungeon.
             The game lasted 00:08:58 (4792 turns).

KleinerIrrer the Insei (Naga Monk)                  Turns: 4792, Time: 00:08:59

Health: 0/49       AC:  2    Str: 14    XL:     5   Next: 81%
Magic:  5/5        EV: 10    Int: 15    God:
Gold:   116        SH:  0    Dex: 14    Spells: 4/4 levels left

rFire    x . .     SeeInvis +     - Unarmed
rCold    + . .     Gourm    .   (no shield)
rNeg     . . .     Faith    .   a - +0 robe
rPois    +         Spirit   .   (no helmet)
rElec    .         Reflect  .   (no cloak)
rCorr    .         Harm     .   (no gloves)
MR       +....                  (no barding)
Stlth    ++........             (no amulet)
Regen    0.2/turn               c - ring of ice
MPRegen  0.1/turn               o - ring of protection from magic

@: brilliant, lethally poisoned (0 -> -3), hasted, quick
A: see invisible, deformed body, poison resistance, slowness 2, slow metabolism
1, spit poison 1, AC +1
a: Spit Poison


You were on level 4 of the Dungeon.
You were not hungry.

You visited 1 branch of the dungeon, and saw 4 of its levels.

You collected 116 gold pieces.

Inventory:

Hand Weapons
 g - a +1 dagger of speed
 h - a +2 whip of freezing
Armour
 a - a +0 robe (worn)
Jewellery
 c - a ring of ice (left hand)
 o - a ring of protection from magic (right hand)
Scrolls
 e - 2 scrolls of remove curse {unknown}
 f - 2 scrolls of identify {unknown}
 i - 2 scrolls of blinking {unknown}
 k - a scroll of amnesia {unknown}
 l - a scroll of random uselessness {unknown}
 m - 2 scrolls of magic mapping {unknown}
 p - a scroll of fear {unknown}
 q - a scroll of enchant weapon {unknown}
Potions
 j - a potion of brilliance
Comestibles
 b - 3 bread rations
 d - 3 fruits
 n - a meat ration


   Skills:
 - Level 3.0 Fighting
 - Level 2.4 Dodging
 - Level 3.0 Stealth
 * Level 6.3 Unarmed Combat


You had 4 spell levels left.
You didn't know any spells.

Dungeon Overview and Level Annotations

Branches:
Dungeon (4/15)
 Temple: D:4-7

Altars:
Kikubaaqudgha
Nemelex Xobeh
Trog
Xom


Innate Abilities, Weirdness & Mutations

You cannot wear boots.
Your serpentine skin is tough. (AC +1)
You have supernaturally acute eyesight. (SInv)
Armour fits poorly on your strangely shaped body.
Your system is resistant to poisons. (rPois)
You cover ground very slowly.
You have a slow metabolism.
You can spit poison.


Message History

c - a ring of ice (left hand)
* * * LOW HITPOINT WARNING * * *
You feel sick.
o - a ring of protection from magic (right hand)
* * * LOW HITPOINT WARNING * * *
You feel sick.
Found 12 gold pieces and a potion of brilliance.
* * * LOW HITPOINT WARNING * * *
You feel sick.
You see here 13 gold pieces.
* * * LOW HITPOINT WARNING * * *
You feel sick.
* * * LOW HITPOINT WARNING * * *
You feel sick.
* * * LOW HITPOINT WARNING * * *
You feel sick.
* * * LOW HITPOINT WARNING * * *
You feel sick.
Found a stone staircase leading down.
You die...

#....$.#
#......#
#...?..#
#......#
#......#
#!.....#
###.#### #.#
#@# #.# ...
..... .......
.........
........>..
.......####..


There were no monsters in sight!

Vanquished Creatures
  An orc priest (D:3)
  A worker ant (D:4)
  3 gnolls (D:3)
  3 adders (D:2)
  An adder skeleton (D:1)
  3 worms (D:2)
  3 dart slugs
  3 leopard geckos
  3 orcs (D:3)
  2 bat zombies (D:3)
  2 giant cockroaches
  8 goblins
  10 hobgoblins
  7 kobolds
  3 quokkas
  A ball python (D:2)
  7 bats
  6 frilled lizards
  6 rats
  A rat zombie (D:3)
74 creatures vanquished.

Notes
Turn   | Place    | Note
-------+----------+-------------------------------------------
     0 | D:1      | KleinerIrrer the Naga Monk began the quest for the Orb.
     0 | D:1      | Reached XP level 1. HP: 21/21 MP: 1/1
   492 | D:1      | Reached XP level 2. HP: 18/28 MP: 2/2
  1099 | D:1      | Reached skill level 4 in Unarmed Combat
  1131 | D:1      | Reached XP level 3. HP: 9/34 MP: 3/3
  2541 | D:2      | Found a sparkling altar of Nemelex Xobeh.
  2599 | D:2      | Reached XP level 4. HP: 42/42 MP: 4/4
  2716 | D:2      | Found a bloodstained altar of Trog.
  2767 | D:2      | Reached skill level 5 in Unarmed Combat
  3573 | D:3      | Reached XP level 5. HP: 7/49 MP: 5/5
  4108 | D:3      | Found an ancient bone altar of Kikubaaqudgha.
  4289 | D:3      | Found a shimmering altar of Xom.
  4458 | D:3      | Reached skill level 6 in Unarmed Combat
  4786 | D:4      | HP: 2/49 [poisoned by a worker ant]
  4792 | D:4      | Succumbed to a worker ant's poison

Skill      XL: |  1  2  3  4  5 |
---------------+----------------+-----
Unarmed Combat | 4 5 6 |  6.3
Fighting       | |  3.0
Dodging        | |  2.4
Stealth        | |  3.0

Action                   |  1- 3 |  4- 6 || total
-------------------------+-------+-------++-------
Melee: Unarmed           |    94 |   154 ||   248
       Dagger            |    56 |       ||    56
       Whip              |     7 |       ||     7
       Punch             |     3 |     5 ||     8
  Use: Potion            |     1 |     2 ||     3
 Stab: Sleeping          |     4 |     8 ||    12
  Eat: Chunk             |     3 |     5 ||     8
       Fruit             |     1 |       ||     1
Armor: Robe              |    42 |    28 ||    70
Dodge: Dodged            |   101 |    66 ||   167
